 Dungeon Crawl Stone Soup version 0.29.1-15-g9cfb28693d (webtiles) character file.

Game seed: 2574009266586913782

210 LustLizard the Ruffian (level 5, 0/53 HPs)
             Began as a Troll Fighter on Apr 4, 2023.
             Slain by an orc priest
             ... wielding a +0 hand axe
              (1 damage)
             ... on level 3 of the Dungeon.
             The game lasted 00:03:18 (1790 turns).

LustLizard the Ruffian (Troll Fighter)              Turns: 1790, Time: 00:03:18

Health: 0/53       AC:  4    Str: 24    XL:     5   Next: 56%
Magic:  0/4        EV:  8    Int:  6    God:
Gold:   105        SH:  0    Dex:  9    Spells: 4/4 levels left

rFire   . . .      SeeInvis .     - Unarmed
rCold   . . .      Faith    .   b - +0 kite shield
rNeg    + . .      Spirit   +   a - +0 robe
rPois   .          Reflect  .   (helmet restricted)
rElec   .          Harm     .   (no cloak)
rCorr   .          Rampage  .   (gloves unavailable)
Will    .....                   (boots unavailable)
Stlth   +.........              e - amulet of guardian spirit
HPRegen 0.97/turn               g - ring of positive energy
MPRegen 0.09/turn               (no ring)

@: confused
A: large, unfitting armour, claws 3, regeneration 1, shaggy fur 1, tough skin 1
a: no special abilities


You were on level 3 of the Dungeon.
You visited 1 branch of the dungeon, and saw 3 of its levels.

You collected 105 gold pieces.

Inventory:

Missiles
 d - 3 poisoned darts (quivered)
Armour
 a - a +0 robe (worn)
 b - a +0 kite shield (worn)
Jewellery
 e - an amulet of guardian spirit (around neck)
 g - a ring of positive energy (left claw)
Scrolls
 f - a scroll of blinking {unknown}
 h - a scroll of identify {unknown}
 i - 2 scrolls of enchant weapon {unknown}
 l - a scroll of immolation {unknown}
 n - a scroll of teleportation {unknown}
 p - a scroll of magic mapping {unknown}
 s - a scroll of poison {unknown}
Potions
 c - 2 potions of might
 j - a potion of lignification {unknown}
 k - 2 potions of curing
 m - 2 potions of invisibility
 o - a potion of attraction {unknown}
 q - a potion of resistance {unknown}
 r - a potion of brilliance {unknown}
 t - 2 potions of cancellation {unknown}


   Skills:
 + Level 3.1 Fighting
 - Level 2.0 Throwing
 - Level 2.4 Dodging
 + Level 3.4 Shields
 * Level 4.0 Unarmed Combat


You had 4 spell levels left.
You didn't know any spells.
Your spell library contained the following spells:

 Spells                   Type           Power      Damage    Failure   Level
 Foxfire                  Conj/Fire      0%         2x1d4     75%         1
 Conjure Flame            Conj/Fire      0%         6-21      98%         3
 Inner Flame              Hex/Fire       0%         N/A       98%         3
 Stone Arrow              Conj/Erth      0%         3d7       98%         3
 Animate Armour           Summ/Erth      0%         N/A       100%        4
 Flame Wave               Conj/Fire      0%         2d4       100%        4
 Ignition                 Fire           0%         3d3       100%        8
 Lehudib's Crystal Spear  Conj/Erth      0%         10d2      100%        8


Dungeon Overview and Level Annotations

Branches:
Dungeon (3/15)

Altars:


Innate Abilities, Weirdness & Mutations

You are too large for most types of armour.
You have claws for hands.
Your natural rate of healing is unusually fast.
You are covered in fur. (AC +1)
You have tough skin. (AC +1)


Message History

* * * LOW HITPOINT WARNING * * *
You claw the orc priest!
The orc priest is heavily wounded.
You feel less confused.
The orc priest hits you with a +0 hand axe!
* * * LOW HITPOINT WARNING * * *
The orc wizard casts a spell at you. The puff of flame hits you.
* * * LOW HITPOINT WARNING * * *
Something hits you but does no damage.
The orc wizard hits you with a +0 dagger.
* * * LOW HITPOINT WARNING * * *
The orc priest hits you but does no damage.
You feel better. You block something's attack.
The orc priest barely misses you.
The orc wizard gestures at you while chanting.
You are confused.
You scratch the orc wizard.
The orc wizard is almost dead.
Something hits you.
* * * LOW HITPOINT WARNING * * *
The orc priest barely misses you.
The orc wizard hits you with a +0 dagger.
* * * LOW HITPOINT WARNING * * *
You bump into the rock wall.
Something hits you but does no damage.
The orc priest miscasts a cantrip.
The orc wizard hits you but does no damage.
Unknown command.
You bump into the rock wall.
Something hits you but does no damage.
The orc priest invokes the aid of Beogh against you.
Pain shoots through your body!
* * * LOW HITPOINT WARNING * * *
The orc wizard hits you but does no damage.
Unknown command.
You barely miss the orc priest.
The orc priest is heavily wounded.
Something hits you.
* * * LOW HITPOINT WARNING * * *
The orc priest hits you with a +0 hand axe.
You die...

#.≈....#####...###.
#.≈≈≈≈#######.####.
#.##.## #..........
#.##.# #.###.####.
#.##.# #.# #.# #.
##.##.# #.# #.# ##
#..##.####.# ..#
#.##..##.)## #.#
#.#@)....).# ..#
#.o{o...........
#...........####
#.#...>....##
#.#........#
#............
##...........#
##........#.#
##..##..#


You could see an orc priest and an orc wizard.

Vanquished Creatures
  A centaur (D:3)
  5 gnolls
  2 adders
  A worm (D:3)
  2 dart slugs
  An orc (D:3)
  5 endoplasms
  A giant cockroach (D:2)
  11 goblins
  2 hobgoblins
  3 quokkas
  9 ball pythons
  3 bats
  3 frilled lizards
  5 kobolds
  3 rats
57 creatures vanquished.

Notes
Turn   | Place    | Note
-------+----------+-------------------------------------------
     0 | D:1      | LustLizard the Troll Fighter began the quest for the Orb.
     0 | D:1      | Reached XP level 1. HP: 22/22 MP: 0/0
    32 | D:1      | Noticed a golden eye
    33 | D:1      | Found a faded altar of an unknown god.
    38 | D:1      | Noticed a golden eye
    41 | D:1      | Noticed a shining eye
    41 | D:1      | Noticed a floating eye
   258 | D:1      | Reached XP level 2. HP: 28/29 MP: 1/1
   381 | D:1      | Reached XP level 3. HP: 35/36 MP: 2/2
   899 | D:2      | Reached skill level 1 in Throwing
   997 | D:2      | Reached skill level 3 in Unarmed Combat
  1264 | D:3      | Reached XP level 4. HP: 41/44 MP: 1/3
  1277 | D:3      | Noticed a centaur
  1298 | D:3      | Killed a centaur
  1299 | D:3      | Reached XP level 5. HP: 15/53 MP: 1/4
  1521 | D:3      | Got the Secrets of Incandescence
  1711 | D:3      | Reached skill level 4 in Unarmed Combat
  1790 | D:3      | HP: 1/53 [something (4)]
  1790 | D:3      | Slain by an orc priest

Illustrated notes

Levels and vault maps discovered:
D:1:      minmay_arrival_four_houses, layout_basic,
          hellmonk_ecumenical_altar_watching_god
D:2:      layout_basic
D:3:      layout_loops_ring, serial_shops, nicolae_shop_hallway_stairs,
          serial_rivers, chequers_serial_rivers_room_b,
          chequers_serial_rivers_room_a, chequers_serial_rivers_large_b,
          chequers_serial_rivers_marsh, chequers_serial_rivers_micro_b,
          chequers_serial_rivers_micro_d, st_stairs_5,
          minmay_misc_feat_nine_boxes, nrook_mini_backslash, uniq_grinder

Skill      XL: |  1  2  3  4  5 |
---------------+----------------+-----
Throwing       | 1 2 |  2.0
Shields        | 3 |  3.4
Unarmed Combat | 3 4 |  4.0
Fighting       | 3 |  3.1
Dodging        | |  2.4

Action                   |  1- 3 |  4- 6 || total
-------------------------+-------+-------++-------
Melee: Unarmed           |   107 |    52 ||   159
  Use: Potion            |       |     2 ||     2
Armor: Robe              |    29 |    26 ||    55
Dodge: Dodged            |    41 |    23 ||    64
Block: Kite shield       |    34 |    20 ||    54
